 Dungeon Crawl Stone Soup version 0.28-a0-779-g3d1f99b579 (webtiles) character file.

Game seed: 9981908535152205912

61 kae the Ruffian (level 3, 0/29 HPs)
             Began as a Draconian Transmuter on Nov 2, 2021.
             Succumbed to an adder's poison
             ... on level 2 of the Dungeon.
             The game lasted 00:00:44 (1376 turns).

kae the Ruffian (Draconian Transmuter)              Turns: 1376, Time: 00:00:45

Health: 0/29       AC:  6    Str: 12    XL:     3   Next: 83%
Magic:  6/6        EV:  9    Int: 14    God:
Gold:   40         SH:  0    Dex: 11    Spells: 2/6 levels left

rFire   + . .      SeeInvis .     - Unarmed
rCold   + . .      Faith    .   (no shield)
rNeg    . . .      Spirit   .   (armour unavailable)
rPois   +          Reflect  .   (helmet currently unavailable)
rElec   +          Harm     .   (no cloak)
rCorr   +          Rampage  .   c - +0 pair of gloves
Will    .....                   (boots currently unavailable)
Stlth   +.........              (no amulet)
HPRegen 0.09/turn               (no ring)
MPRegen 0.10/turn               (no ring)

@: lethally poisoned (0 -> -3), appendages (expiring), resistant, constricted
A: horns 2, talons 2, AC +5, unfitting armour, cold-blooded
a: End Transformation


You were on level 2 of the Dungeon.
You had temporarily grown beastly horns and talons.
You visited 1 branch of the dungeon, and saw 2 of its levels.

You collected 40 gold pieces.

Inventory:

Armour
 c - a +0 pair of gloves (worn)
Scrolls
 a - a scroll of magic mapping {unknown}
 b - a scroll of enchant armour {unknown}


   Skills:
 + Level 2.0 Fighting
 + Level 2.2 Dodging
 * Level 3.7 Unarmed Combat
 + Level 2.3 Spellcasting
 + Level 2.4 Transmutations


You had 2 spell levels left.
You knew the following spells:

 Your Spells              Type           Power      Damage    Failure   Level
a - Beastly Appendage     Tmut           16%        N/A       9%          1
b - Spider Form           Tmut/Pois      5%         N/A       38%         3

Your spell library contained the following spells:

 Spells                   Type           Power      Damage    Failure   Level
 Wereblood                Tmut           8%         N/A       13%         2
 Ice Form                 Ice/Tmut       5%         N/A       80%         4


Dungeon Overview and Level Annotations

Branches:
Dungeon (2/15)

Altars:


Innate Abilities, Weirdness & Mutations

You have temporarily grown beastly horns and talons.
Your plain brown scales are hard. (AC +5)
You cannot fit into any form of body armour.
You are cold-blooded and may be slowed by cold attacks.


Message History

You barely miss the adder. Your kick misses the adder.
Your headbutt misses the adder.
The adder is severely wounded.
You feel sick. The adder bites you but does no damage.
The ball python completely misses you. The ball python constricts you.
You miss the adder.
The adder is severely wounded.
You feel sick. The adder bites you but does no damage.
The ball python closely misses you. The ball python constricts you.
You aren't carrying any potions.
You closely miss the adder.
The adder is severely wounded.
You feel sick.
You are no longer poisoned.
The adder bites you.
* * * LOW HITPOINT WARNING * * *
You are lethally poisoned!
The adder poisons you! The ball python bites you.
* * * LOW HITPOINT WARNING * * *
The ball python constricts you. The adder bites you but does no damage.
You closely miss the adder. You claw the adder.
You kill the adder!
Your transformation is almost over.
* * * LOW HITPOINT WARNING * * *
You feel sick. The ball python barely misses you.
The ball python constricts you.
Your Fighting skill increases to level 2!
You escape the ball python's grasp.
* * * LOW HITPOINT WARNING * * *
You feel sick.
* * * LOW HITPOINT WARNING * * *
You feel sick.
* * * LOW HITPOINT WARNING * * *
You feel sick. The ball python barely misses you. The ball python grabs you.
The ball python constricts you.
You see here a fizzy puce potion.
Okay, then.
It was a potion of resistance.
You feel protected.
You die...

.......>....... .#.#
#....##.?#########.#.
....................
#........#######...
....##...#####....
###..#.#)......#.#
##g#.###†.####.### ..
#.....S...#
#.......####@#....#
#.#..##.. #.# ###
....# #### ... ...#
..... ### ....#..
..####### #.# ..


You could see a ball python.

Vanquished Creatures
  3 adders
  A dart slug (D:1)
  4 ball pythons
  2 endoplasms (D:1)
  A giant cockroach (D:2)
  3 goblins
  4 hobgoblins
  3 kobolds
  A quokka (D:1)
  3 bats (D:1)
  2 frilled lizards (D:1)
  2 rats (D:1)
29 creatures vanquished.

Notes
Turn   | Place    | Note
-------+----------+-------------------------------------------
     0 | D:1      | kae the Draconian Transmuter began the quest for the Orb.
     0 | D:1      | Reached XP level 1. HP: 16/16 MP: 3/3
   333 | D:1      | Reached XP level 2. HP: 12/23 MP: 3/5
  1024 | D:1      | Reached XP level 3. HP: 5/29 MP: 4/6
  1287 | D:1      | Learned a level 3 spell: Spider Form
  1375 | D:2      | HP: 1/29 [poisoned by an adder]
  1376 | D:2      | Succumbed to an adder's poison

Illustrated notes

Levels and vault maps discovered:
D:1:      eino_arrival_druids_welcome, layout_basic, amcnicky_mini_pool_small,
          glass_columns_a
D:2:      layout_rooms, basic_altar, minmay_misc_feat_square, minmay_surrounded

Skill      XL: |  1  2  3 |
---------------+----------+-----
Dodging        | 2 |  2.2
Fighting       | 2 |  2.0
Unarmed Combat | |  3.7
Spellcasting   | |  2.3
Transmutations | |  2.4

Action                   || total
-------------------------++-------
Melee: Unarmed           ||    98
       Headbutt          ||     5
       Kick              ||     9
       Tailslap          ||     7
       Punch             ||     1
 Cast: Beastly Appendage ||    14
       Spider Form       ||     1
  Use: Potion            ||     1
Armor: Skin              ||    55
Dodge: Dodged            ||    87

Table legend: (Time is in decaauts)
 A = Elapsed time spent in this place.
 B = Non-inter-level travel time spent in this place.
 C = Inter-level travel time spent in this place.
 D = Time resting spent in this place.
 E = Time spent auto-exploring this place.
 F = Levels seen in this place.
 G = Mean time per level.
                   A        B        C        D        E       F      G
               +--------+--------+--------+--------+--------+-----+--------+
         Total |   1370 |   1342 |     28 |    259 |    851 |   2 |  685.0 |
       Dungeon |   1370 |   1342 |     28 |    259 |    851 |   2 |  685.0 |
               +--------+--------+--------+--------+--------+-----+--------+

Top non-repeatable levels by time:
     D:1: 1276 daAuts
     D:2: 93 daAuts
